Map: [TLMC21] Taito Citadel

Players

Geralt (Gerald)

  • Race: Protoss Protoss
  • League: Grandmaster
  • Spawn Location: 11:00

Krystianer - Winner!

  • Race: Protoss Protoss
  • League: Grandmaster
  • Spawn Location: 5:00

VOD

Have the link to the VOD?

Description

Time

  • Played on: Oct. 12, 2025, 2:55 p.m.
  • Length: 9:37
Show
View Real Time Build Order
Export as new Build Order

Geralt Protoss 

Build Orders: Blink Stalkers 

Get SALT Encoding   

  12  0:00  Probe  
  13  0:12  Probe  
  14  0:17  Pylon  
  14  0:23  Probe  
  15  0:32  Probe  
  15  0:36  Gateway  
  15  0:40  Probe  
  16  0:46  Assimilator  
  17  0:51  Probe  
  17  0:54  Assimilator  
  18  0:59  Probe  
  19  1:07  Gateway, Probe  
  19  1:17  Probe  
  20  1:24  Cybernetics Core  
  21  1:30  Probe  
  22  1:34  Pylon  
  22  1:42  Probe  
  23  1:54  Probe  
  24  2:00  Shield Battery  
  24  2:01  Warp Gate, Sentry  
  26  2:06  Probe  
  27  2:19  Probe  
  28  2:22  Nexus  
  28  2:28  Pylon  
  28  2:33  Sentry  
  31  2:41  Pylon  
  31  2:45  Stalker  
  31  2:50  Probe  
  32  2:56  Sentry  
  34  3:02  Probe  
  34  3:03  Twilight Council  
  35  3:09  Shield Battery  
  35  3:16  Pylon  
  35  3:18  Probe  
  36  3:30  Probe  
  37  3:34  Blink  
  35  3:42  Probe  
  36  3:49  Probe  
  36  3:54  Probe  
  36  3:57  Adept  
  36  3:58  Adept  
  41  4:03  Gateway  
  41  4:06  Probe  
  41  4:10  Gateway  
  39  4:19  Shield Battery  
  37  4:24  Adept  
  37  4:30  Probe  
  37  4:34  Stalker  
  37  4:35  Probe  
  39  4:42  Probe  
  40  4:47  Probe  
  39  4:54  Probe  
  39  4:59  Probe  
  41  5:06  Probe  
  42  5:09  Stalker x2  
  42  5:11  Probe  
  45  5:14  Stalker  
  45  5:17  Stalker  
  49  5:23  Probe x2  
  51  5:31  Probe  
  53  5:35  Probe, Adept  
  53  5:36  Adept  
  53  5:39  Probe  
  53  5:42  Stalker  
  59  5:47  Probe  
  61  5:51  Pylon, Probe  
  62  6:06  Nexus  
  62  6:07  Pylon  
  62  6:09  Probe x2  
  64  6:12  Stalker  
  66  6:19  Stalker x2  
  70  6:25  Probe  
  67  6:36  Probe  
  67  6:37  Stalker x2  
  72  6:40  Assimilator  
  72  6:41  Gateway  
  72  6:43  Stalker  
  74  6:53  Probe x2  
  73  6:58  Stalker  
  73  6:59  Shield Battery  
  75  7:05  Probe x2  
  77  7:12  Gateway  
  77  7:14  Gateway  
  77  7:19  Gateway  
  77  7:21  Probe  
  78  7:24  Stalker  
  78  7:25  Stalker  
  78  7:26  Stalker  
  78  7:27  Probe  
  86  7:30  Probe  
  86  7:34  Probe  
  87  7:39  Probe, Robotics Facility  
  88  7:46  Probe  
  89  7:56  Probe  
  90  7:59  Stalker  
  90  8:05  Pylon  
  92  8:06  Pylon  
  92  8:07  Shield Battery  
  92  8:08  Shield Battery  
  92  8:10  Shield Battery  
  92  8:19  Stalker  
  90  8:30  Zealot x7  
  90  8:33  Immortal  
  90  8:34  Probe  
  82  8:46  Stalker  
  85  8:51  Stalker  
  85  8:52  Stalker x2  
  89  9:01  Stalker  
  89  9:02  Stalker  
  65  9:10  Zealot  
  49  9:28  Sentry, Stalker  
Show
View Real Time Build Order
Export as new Build Order

Krystianer Protoss - Winner!

Build Orders: Archon Immortal 

Get SALT Encoding   

  12  0:00  Probe  
  13  0:12  Probe  
  14  0:17  Pylon  
  14  0:22  Probe  
  15  0:31  Probe  
  16  0:36  Gateway  
  16  0:39  Probe  
  16  0:45  Assimilator  
  17  0:51  Probe  
  17  0:53  Assimilator  
  18  0:59  Probe  
  19  1:07  Gateway, Probe  
  19  1:17  Probe  
  20  1:23  Cybernetics Core  
  21  1:29  Probe  
  22  1:34  Pylon  
  22  1:41  Probe  
  23  1:50  Warp Gate  
  23  1:53  Probe  
  24  2:00  Adept x2  
  29  2:11  Pylon  
  29  2:19  Probe  
  29  2:30  Adept x2  
  29  2:32  Probe  
  35  2:56  Nexus  
  35  2:59  Adept  
  35  3:00  Adept  
  38  3:07  Pylon  
  38  3:09  Probe  
  39  3:18  Robotics Facility  
  39  3:21  Probe  
  40  3:29  Probe  
  39  3:39  Probe  
  38  3:41  Adept  
  38  3:44  Adept  
  40  3:51  Probe  
  39  3:55  Warp Prism  
  39  4:02  Shield Battery  
  39  4:04  Probe  
  39  4:08  Probe  
  43  4:16  Sentry x2  
  47  4:18  Probe  
  47  4:20  Probe  
  49  4:30  Probe  
  48  4:31  Shield Battery  
  48  4:33  Probe  
  47  4:41  Stalker x2  
  47  4:42  Probe  
  47  4:45  Probe  
  51  4:48  Immortal  
  51  4:59  Probe  
  56  5:01  Probe  
  55  5:11  Probe  
  56  5:14  Adept x2  
  60  5:23  Probe  
  60  5:31  Pylon  
  60  5:33  Assimilator  
  60  5:34  Assimilator  
  61  5:39  Immortal, Twilight Council  
  61  5:40  Forge  
  61  5:42  Probe  
  61  5:47  Probe  
  66  5:51  Zealot  
  66  5:53  Pylon  
  66  5:55  Protoss Ground Weapons Level 1  
  68  5:59  Probe  
  68  6:00  Probe  
  70  6:06  Pylon  
  70  6:10  Gateway x2  
  70  6:15  Charge  
  70  6:16  Immortal  
  72  6:35  Pylon  
  72  6:40  Templar Archives  
  72  6:41  Gateway  
  72  6:49  Immortal, Gateway  
  72  6:51  Gateway  
  72  7:03  Gateway  
  72  7:04  Pylon  
  72  7:11  Zealot  
  72  7:12  Zealot  
  76  7:17  High Templar x2  
  76  7:20  Pylon  
  76  7:21  Archon  
  80  7:30  Pylon  
  80  7:32  High Templar x2  
  80  7:36  Archon  
  80  7:37  Zealot  
  86  7:42  Pylon  
  86  7:46  High Templar x2  
  86  7:50  Archon  
  90  7:51  Zealot x2  
  94  8:00  Pylon  
  94  8:01  Pylon  
  94  8:05  Zealot  
  96  8:12  Zealot x5  
  95  8:31  Zealot x3  
  95  8:36  Zealot  
  91  8:42  High Templar x2  
  91  8:47  Archon  
  93  8:53  Zealot x3  
  99  9:01  Zealot x2  
  93  9:15  Zealot x3  
  89  9:21  Zealot  
Tags
 
Add a new tag
Caveats
  • Supply blocks, unpowered buildings, or Contaminate may cause inaccurate times.
  • Supply counts are checked every 10 seconds.